 Dungeon Crawl Stone Soup version 0.31-a0-149-g3fdcc5976a (webtiles) character file.

Game seed: 5494929495266198597

137 avis the Conjurer (level 5, -2/29 HPs)
             Began as a Tengu Conjurer on June 7, 2023.
             Slain by an ogre
             ... wielding a +0 giant club
              (14 damage)
             ... on level 3 of the Dungeon on June 8, 2023.
             The game lasted 00:12:22 (2182 turns).

avis the Conjurer (Tengu Conjurer)                  Turns: 2182, Time: 00:12:23

Health: -2/29      AC:  2    Str:  7    XL:     5   Next: 20%
Magic:  4/11       EV: 15    Int: 20    God:
Gold:   109        SH:  0    Dex: 13    Spells: 1/11 levels left

rFire   . . .        a - +0 short sword
rCold   . . .        (no shield)
rNeg    . . .        d - +0 robe
rPois   +            (helmet restricted)
rElec   .            (no cloak)
rCorr   .            (no gloves)
SInv    .            (boots unavailable)
Will    .....        (no amulet)
Stlth   ++           m - ring of poison resistance
HPRegen 0.24/turn    (no ring)
MPRegen 0.12/turn

%: no passive effects
@: flying quickly and evasively, quick
A: beak, talons 3, nimble flight
a: no special abilities


You were on level 3 of the Dungeon.
You visited 1 branch of the dungeon, and saw 3 of its levels.

You collected 109 gold pieces.

Inventory:

Hand Weapons
 a - a +0 short sword (weapon)
 b - a +0 sling
Missiles
 l - 3 poisoned darts
Armour
 d - a +0 robe (worn)
Jewellery
 m - a ring of poison resistance (left hand)
Scrolls
 e - a scroll of vulnerability {unknown}
 k - 4 scrolls of identify {unknown}
 o - a scroll of fog {unknown}
Potions
 c - a potion of magic
 f - a potion of might
 g - 3 potions of curing {unknown}
 h - a potion of cancellation {unknown}
 i - 2 potions of invisibility {unknown}
 j - 2 potions of heal wounds {unknown}
 n - 2 potions of brilliance {unknown}


   Skills:
 - Level 1.0 Fighting
 - Level 3.0 Dodging
 - Level 2.0 Stealth
 * Level 3.9 Spellcasting
 - Level 6.0 Conjurations


You had one spell level left.
You knew the following spells:

 Your Spells              Type           Power      Damage    Failure   Level
a - Magic Dart            Conj           100%       1d8       1%          1
c - Searing Ray           Conj           54%        2d6       1%          2
d - Dazzling Flash        Conj/Hex       30%        N/A       12%         3
f - Fulminant Prism       Conj/Hex       7%         3d7       36%         4

Your spell library contained the following spells:

 Spells                   Type           Power      Damage    Failure   Level
 Momentum Strike          Conj/Tloc      30%        3d8       6%          2
 Blink                    Tloc           6%         N/A       21%         2
 Lesser Beckoning         Tloc           6%         N/A       21%         2
 Iskenderun's Mystic Bla  Conj/Tloc      15%        2d5       36%         4


Dungeon Overview and Level Annotations

Branches:
Dungeon (3/15)

Altars:
Wu Jian


Innate Abilities, Weirdness & Mutations

You have a beak for a mouth.
You have claws for feet.
Your magical nature lets you fly swiftly and evasively.


Message History

Adjust (i)tems, (s)pells, or (a)bilities?
Adjust which spell? b - Fulminant Prism Adjust to which letter? f - Fulminant Prism
Okay, then.
Found a flail.
You now have 109 gold pieces (gained 13).
Found a stone staircase leading down.
As you open the door, it creaks loudly!
An ogre and a bat come into view.
The ogre shouts!
You hear a shout!
A bat comes into view.
Casting: Magic Dart (safe; 1% risk of failure)
Confirm with . or Enter, or press ? or * to list all spells.
The spell is quite dangerous to miscast (12% risk of failure)!
Continue anyway?
Casting: Dazzling Flash (quite dangerous; 12% risk of failure)
Press: ? - help, Dir - look around, f - activate The ogre hits you with a +0 giant club!!
Ouch! That really hurt!
A hobgoblin comes into view.
Casting: Dazzling Flash (quite dangerous; 12% risk of failure)
Confirm with . or Enter, or press ? or * to list all spells.
Aiming: Searing Ray (safe; 1% risk of failure)
Press: ? - help, Shift-Dir - straight line, f - ogre
Aim: an ogre, wielding a +0 giant club (90% to hit)
The searing ray hits the ogre.
The ogre is lightly wounded.
The searing ray hits the bat!
You kill the bat! (Press . to maintain the ray.)
The searing ray hits the ogre!
The ogre is heavily wounded.
The searing ray hits the bat!
You kill the bat!
The ogre barely misses you.
The searing ray hits the ogre!
The ogre is almost dead.
The ogre hits you with a +0 giant club!
You die...

#### #....
#.....############
...g..O@........>#
......#######....#
.#### #.##.#
#)##.# ###.##.#
###...##.#
###........#
#....#######
####### #......#


You could see an ogre and a hobgoblin.

Vanquished Creatures
  Natasha (thrice) (D:2)
  An adder (D:2)
  A worm (D:3)
  A dart slug (D:1)
  3 endoplasms (D:1)
  A giant cockroach (D:1)
  5 goblins
  5 hobgoblins
  2 jackals (D:2)
  A quokka (D:1)
  5 ball pythons
  9 bats
  3 frilled lizards
  3 kobolds (D:1)
  8 rats
51 creatures vanquished.

Notes
Turn   | Place    | Note
-------+----------+-------------------------------------------
     0 | D:1      | avis the Tengu Conjurer began the quest for the Orb.
     0 | D:1      | Reached XP level 1. HP: 10/10 MP: 4/4
   209 | D:1      | Reached skill level 1 in Fighting
   424 | D:1      | Reached XP level 2. HP: 16/16 MP: 4/6
   704 | D:1      | Reached skill level 6 in Conjurations
   725 | D:1      | Learned a level 2 spell: Searing Ray
   970 | D:1      | Reached XP level 3. HP: 20/20 MP: 4/7
  1005 | D:1      | Learned a level 3 spell: Dazzling Flash
  1263 | D:2      | Noticed Natasha
  1302 | D:2      | Killed Natasha
  1303 | D:2      | Reached XP level 4. HP: 13/25 MP: 3/9
  1374 | D:2      | Noticed Natasha
  1384 | D:2      | Killed Natasha
  1681 | D:2      | Found an ornate altar of the Wu Jian Council.
  1682 | D:2      | Noticed Natasha
  1696 | D:2      | Killed Natasha
  1697 | D:2      | Gained mutation: Your magical nature lets you fly swiftly
                  | and evasively. [Tengu growth]
  1697 | D:2      | Reached XP level 5. HP: 29/29 MP: 4/11
  1765 | D:2      | Learned a level 4 spell: Fulminant Prism
  2178 | D:3      | Noticed an ogre
  2182 | D:3      | Slain by an ogre

Illustrated notes

Levels and vault maps discovered:
D:1:      dreamdust_arrival_sigmund_warning, layout_loops_corners
D:2:      layout_rooms, basic_altar, kennysheep_generic_room_8, uniq_natasha
D:3:      layout_basic, uniq_terence

Skill      XL: |  1  2  3  4 |
---------------+-------------+-----
Fighting       | 1 |  1.0
Conjurations   | 6 |  6.0
Spellcasting   | 3 |  3.9
Dodging        | 3 |  3.0
Stealth        | |  2.0

Action                     |  1- 3 |  4- 6 || total
---------------------------+-------+-------++-------
   Cast: Magic Dart        |    44 |    30 ||    74
         Searing Ray       |     1 |     4 ||     5
         Dazzling Flash    |       |     1 ||     1
  Dodge: Dodged            |       |     2 ||     2

Table legend: (Time is in decaauts)
 A = Elapsed time spent in this place.
 B = Non-inter-level travel time spent in this place.
 C = Inter-level travel time spent in this place.
 D = Time resting spent in this place.
 E = Time spent auto-exploring this place.
 F = Levels seen in this place.
 G = Mean time per level.
                   A        B        C        D        E       F      G
               +--------+--------+--------+--------+--------+-----+--------+
         Total |   2157 |   2063 |     94 |    572 |   1182 |   3 |  719.0 |
       Dungeon |   2157 |   2063 |     94 |    572 |   1182 |   3 |  719.0 |
               +--------+--------+--------+--------+--------+-----+--------+

Top non-repeatable levels by time:
     D:1: 1257 daAuts
     D:2: 797 daAuts
     D:3: 101 daAuts
